 Dungeon Crawl Stone Soup version 0.21.0-24-g2553a33 (webtiles) character file.

37262 Gorglomux the Severer (level 13, -1/118 HPs)
             Began as a Minotaur Air Elementalist on Jan 20, 2018.
             Was the Champion of Nemelex Xobeh.
             Succumbed to a spiny frog's poison
             ... on level 5 of the Lair of Beasts.
             The game lasted 00:30:06 (17035 turns).

Gorglomux the Severer (Minotaur Air Elementalist)  Turns: 17035, Time: 00:30:06

Health: -1/118     AC: 18    Str: 17    XL:     13   Next: 57%
Magic:  13/20      EV: 13    Int: 12    God:    Nemelex Xobeh [******]
Gold:   1063       SH:  0    Dex: 12    Spells: 14/14 levels left

rFire    . . .     SeeInvis .   Z - +4 war axe (curse)
rCold    + . .     Gourm    .   (no shield)
rNeg     . . .     Faith    .   E - +0 chain mail
rPois    .         Spirit   .   u - +1 hat
rElec    +         Reflect  .   W - +0 cloak "Cafaceri" {rElec} (curse)
rCorr    .         Harm     .   i - +2 pair of gloves
MR       .....                  (no boots)
Stlth    ..........             (no amulet)
HPRegen  0.29/turn              G - +4 ring of evasion
MPRegen  0.17/turn              c - ring of protection from cold

@: lethally poisoned (-1 -> -24)
A: retaliatory headbutt, horns 2
a: Triple Draw, Deal Four, Stack Five, Renounce Religion


You were on level 5 of the Lair of Beasts.
You worshipped Nemelex Xobeh.
Nemelex Xobeh was exalted by your worship.
You were not hungry.

You visited 2 branches of the dungeon, and saw 16 of its levels.

You collected 1063 gold pieces.

Inventory:

Hand Weapons
 X - a +3 scimitar of flaming
 Z - a cursed +4 war axe (weapon)
Armour
 i - a +2 pair of gloves (worn)
 s - a scarf of repulsion
 u - a +1 hat (worn)
 E - a +0 chain mail (worn)
 W - the cursed +0 cloak "Cafaceri" (worn) {rElec}
   (You found it on level 6 of the Dungeon)

   It insulates you from electricity.
   It has a curse placed upon it.
Jewellery
 c - a ring of protection from cold (right hand)
 g - an uncursed ring of resist corrosion
 r - an uncursed ring of magical power
 G - a +4 ring of evasion (left hand)
Wands
 j - a wand of flame (10)
 D - a wand of digging (29)
 I - a wand of iceblast (7)
 P - a wand of paralysis (19)
Scrolls
 p - 9 scrolls of remove curse
 x - 2 scrolls of immolation
 y - 2 scrolls of fog
 B - 3 scrolls of blinking
 H - a scroll of silence
 M - 5 scrolls of magic mapping
 R - 2 scrolls of identify
 T - 5 scrolls of teleportation
 Y - a scroll of enchant weapon
Potions
 f - 3 potions of lignification
 m - 8 potions of invisibility
 z - 3 potions of magic
 A - 2 potions of might
 C - 4 potions of heal wounds
 F - 6 potions of agility
 K - a potion of brilliance
 L - 2 potions of resistance
 O - 2 potions of flight
 Q - 6 potions of curing
 S - 4 potions of haste
 V - a potion of mutation {!q}
Miscellaneous
 h - a plain deck of destruction {god gift}
 l - an ornate deck of destruction {drawn: 6} {god gift}
 n - an ornate deck of summoning {drawn: 1} {god gift}
 t - a legendary deck of summoning {god gift}
 v - an ornate deck of escape {drawn: 1} {god gift}
 w - an ornate deck of destruction {drawn: 7} {god gift}
 J - an ornate deck of destruction {drawn: 1} {god gift}
 N - a legendary deck of destruction {god gift}
 U - a legendary deck of summoning {god gift}
Comestibles
 k - 10 chunks of flesh
 o - 22 rations


   Skills:
 - Level 12.2 Fighting
 + Level 16.5 Axes
 - Level 12.2 Armour
 - Level 4.3 Dodging
 - Level 1.5 Stealth
 - Level 1.3 Spellcasting
   Level 0.6 Conjurations
   Level 2.1 Air Magic
 + Level 10.7 Invocations


You had 14 spell levels left.
You didn't know any spells.

Dungeon Overview and Level Annotations

Branches:
Dungeon (11/15)            Temple (0/1) D:5            Lair (5/6) D:11
 Shoals (0/4) Lair:2       Spider (0/4) Lair:4          Orc (0/2) D:11
  Slime: Lair:5-6

Altars:
Cheibriados
Elyvilon
Fedhas
Kikubaaqudgha
Makhleb
Nemelex Xobeh
Sif Muna
Trog
Uskayaw
Xom
Yredelemnul

Shops:
D:10 [

Annotations:
Lair:5 exclusion: 3 oklob plants


Innate Abilities, Weirdness & Mutations

You reflexively headbutt those who attack you in melee.
You have a pair of horns on your head.


Message History

Press: ? - help, Shift-Dir - straight line, f - hippogriff
Aim: a hippogriff (chance to defeat MR: 41%)
The hippogriff suddenly stops moving!!! * * * don't die
* * * You feel very sick!
The walls disappear prematurely!!! * * * don't die
* * * You butt very sick! * * * don't die
* * * You butt sick!
The helpless hippogriff fails to defend itself!
Butt open the hippogriff like a pillowcase!!!!!!!!!
The hippogriff is severely wounded! * * * don't die
* * * You butt sick!
The helpless hippogriff fails to defend itself!
You carve the hippogriff like a ham!!!!!!!!!
You annihilate the hippogriff!!! rip Your body glows with a butt of weird colours and disappears!

#...............#...
##...............#...
#...........P...##.#.
#...#.#.#...P.######.
#.#.###.#....# #. # ##
#..#####.#.### ##. ##. .
#.P...#..#..# .... #...#.
####?.^........##....
..>...##.#.@††.........#....
.....P....'......=..#.##....
......................+.P...
......P...P...........P.P...
......#...).P....##...#.#...
............................
.............P#.##.#.#..#...
###..#PP.P##.##########....>
#..P#H%PF#### ##....


There were no monsters in sight!

Vanquished Creatures
  Fannar (Lair:2)
  2 hydras (Lair:3)
  4 two-headed ogres
  A death yak (D:11)
  Pikel (D:5)
  A faun (D:10)
  A merfolk siren (Lair:2)
  9 elephants
  A black mamba (Lair:4)
  5 torpor snails (Lair:4)
  7 spiny frogs
  A centaur skeleton (D:10)
  2 rime drakes
  8 komodo dragons
  A polar bear (Lair:2)
  2 ice devils (Lair:3)
  3 trolls
  A slime creature (D:11)
  7 dream sheep (Lair:5)
  14 blink frogs
  2 hippogriffs
  A redback (Lair:3)
  Eustachio (D:6)
  2 wyverns
  23 yaks
  A human (D:7)
  A hungry ghost (D:10)
  3 hogs (D:7)
  4 porcupines
  5 water moccasins
  5 orc warriors (D:11)
  3 ice beasts
  4 sky beasts
  An eye of draining (D:8)
  A phantom (D:7)
  2 necrophages
  5 wolves
  3 ogres
  5 centaurs
  6 crocodiles
  16 bullfrogs
  3 jellies
  5 scorpions
  9 killer bees
  4 wights
  2 howler monkeys
  6 crimson imps
  4 hounds
  4 orc priests (D:11)
  2 bullfrog skeletons
  2 iguanas
  14 orc wizards
  3 worker ants
  A hound skeleton (D:6)
  4 gnolls
  10 adders
  A river rat (Lair:4)
  An ooze (D:5)
  2 worms
  4 dart slugs
  8 leopard geckos
  34 orcs
  A ball python (D:1)
  8 bats
  7 giant cockroaches
  7 goblins
  6 hobgoblins
  11 jackals
  7 kobolds
  4 quokkas
  8 frilled lizards
  A leopard gecko skeleton (D:7)
  2 quokka skeletons (D:4)
  7 rats
  A fungus (Lair:2)
  3 plants
362 creatures vanquished.

Vanquished Creatures (collateral kills)
  Gastronok (D:11)
  A hydra (Lair:3)
  A two-headed ogre (D:8)
  Erica (D:11)
  2 yaks
  Menkaure (D:5)
  Duvessa (D:5)
  An orc warrior (D:10)
  A slave (D:5)
  A phantom (D:10)
  A centaur (D:10)
  Blork the orc (D:6)
  Dowan (D:5)
  A scorpion (D:10)
  A killer bee (D:10)
  4 wights (D:8)
  A bullfrog zombie (D:11)
  A hound (D:3)
  3 orc priests
  An orc wizard (D:5)
  An iguana (D:4)
  An adder (D:4)
  A river rat (D:11)
  3 orcs
  5 jackals (D:3)
  A ball python (D:4)
  A rat (D:3)
39 creatures vanquished.

Vanquished Creatures (others)
  A hydra (Lair:4)
  A two-headed ogre (D:10)
  A sky beast (D:5)
  A slave (D:5)
  A crocodile (D:11)
  A shadow imp (D:5)
  A bush (Lair:3)
  7 fungi
  3 plants
17 creatures vanquished.

Grand Total: 418 creatures vanquished

Notes
Turn   | Place    | Note
-------+----------+-------------------------------------------
     0 | D:1      | Gorglomux the Minotaur Air Elementalist began the quest for the Orb.
     0 | D:1      | Reached XP level 1. HP: 14/14 MP: 1/1
   582 | D:1      | Reached skill level 1 in Fighting
   582 | D:1      | Reached skill level 1 in Armour
   582 | D:1      | Reached XP level 2. HP: 20/23 MP: 3/3
  1224 | D:2      | Reached XP level 3. HP: 25/29 MP: 4/4
  1468 | D:2      | Reached skill level 3 in Dodging
  1776 | D:2      | Found a faded altar of an unknown god.
  1923 | D:2      | Became a worshipper of Nemelex Xobeh the Trickster
  1923 | D:2      | Received a gift from Nemelex Xobeh
  1923 | D:2      | Received a gift from Nemelex Xobeh
  1923 | D:2      | Reached * piety under Nemelex Xobeh
  2135 | D:3      | Received a gift from Nemelex Xobeh
  2159 | D:3      | Reached XP level 4. HP: 35/37 MP: 5/5
  2429 | D:3      | Reached ** piety under Nemelex Xobeh
  2435 | D:3      | Received a gift from Nemelex Xobeh
  2461 | D:3      | Found a sparkling altar of Nemelex Xobeh.
  3056 | D:3      | Reached skill level 3 in Fighting
  3056 | D:3      | Reached skill level 1 in Axes
  3056 | D:3      | Reached skill level 3 in Armour
  3056 | D:3      | Reached XP level 5. HP: 7/45 MP: 6/6
  3321 | D:4      | Found a white marble altar of Elyvilon.
  3321 | D:4      | Found a shimmering altar of Xom.
  3321 | D:4      | Found an ancient bone altar of Kikubaaqudgha.
  3327 | D:4      | Found a hide-covered altar of Uskayaw.
  3330 | D:4      | Found a basalt altar of Yredelemnul.
  3332 | D:4      | Found a bloodstained altar of Trog.
  3546 | D:4      | Reached skill level 2 in Axes
  3600 | D:4      | Noticed an ice beast
  3602 | D:4      | Reached XP level 6. HP: 44/51 MP: 7/7
  3627 | D:4      | Killed an ice beast
  3796 | D:4      | Received a gift from Nemelex Xobeh
  3842 | D:4      | Reached skill level 3 in Axes
  4363 | D:5      | Entered Level 5 of the Dungeon
  4363 | D:5      | Noticed Menkaure
  4370 | D:5      | Killed Menkaure
  4370 | D:5      | Reached XP level 7. HP: 25/60 MP: 8/8
  4676 | D:5      | Reached *** piety under Nemelex Xobeh
  4676 | D:5      | Received a gift from Nemelex Xobeh
  4800 | D:5      | Reached skill level 4 in Axes
  4845 | D:5      | Noticed Pikel
  4855 | D:5      | Killed Pikel
  4855 | D:5      | Reached skill level 6 in Fighting
  4855 | D:5      | Reached skill level 5 in Axes
  4855 | D:5      | Reached skill level 6 in Armour
  4855 | D:5      | Reached XP level 8. HP: 70/70 MP: 9/9
  5082 | D:5      | Received a gift from Nemelex Xobeh
  5263 | D:5      | Reached skill level 6 in Axes
  5277 | D:5      | Found a staircase to the Ecumenical Temple.
  5513 | D:6      | Noticed Duvessa
  5513 | D:6      | Noticed Dowan
  5523 | D:5      | Killed Duvessa
  5525 | D:5      | Killed Dowan
  5757 | D:6      | Received a gift from Nemelex Xobeh
  5850 | D:6      | Noticed Eustachio
  5878 | D:6      | Killed Eustachio
  5909 | D:6      | Reached skill level 7 in Axes
  6024 | D:6      | Noticed Blork the orc
  6038 | D:6      | Reached XP level 9. HP: 38/80 MP: 10/10
  6040 | D:6      | Killed Blork the orc
  6448 | D:6      | Reached **** piety under Nemelex Xobeh
  6698 | D:6      | Got an encrusted cloak
  6709 | D:6      | Identified the cursed +0 cloak "Cafaceri" {rElec} (You found it on level 6 of the Dungeon)
  6865 | D:7      | Received a gift from Nemelex Xobeh
  7159 | D:7      | Reached skill level 8 in Axes
  7167 | D:7      | Reached skill level 9 in Armour
  7175 | D:7      | Reached skill level 9 in Fighting
  7476 | D:7      | Reached ***** piety under Nemelex Xobeh
  7666 | D:7      | Received a gift from Nemelex Xobeh
  7703 | D:7      | Reached skill level 9 in Axes
  7840 | D:7      | Found a deep blue altar of Sif Muna.
  7950 | D:8      | Noticed a two-headed ogre
  7960 | D:8      | Killed a two-headed ogre
  7960 | D:8      | Reached XP level 10. HP: 93/93 MP: 11/11
  8338 | D:8      | Received a gift from Nemelex Xobeh
  8393 | D:8      | Noticed a two-headed ogre
  8405 | D:8      | Killed a two-headed ogre
  8434 | D:8      | Noticed a two-headed ogre
  8439 | D:8      | Killed a two-headed ogre
  8439 | D:8      | Reached skill level 10 in Axes
  8792 | D:9      | Found a burning altar of Makhleb.
  8858 | D:9      | Found a blossoming altar of Fedhas.
  8929 | D:9      | Received a gift from Nemelex Xobeh
  9047 | D:9      | Received a gift from Nemelex Xobeh
  9088 | D:9      | Noticed a two-headed ogre
  9113 | D:9      | Killed a two-headed ogre
  9320 | D:10     | Entered Level 10 of the Dungeon
  9519 | D:10     | Reached skill level 11 in Axes
  9548 | D:10     | Reached XP level 11. HP: 61/102 MP: 12/12
  9572 | D:10     | Received a gift from Nemelex Xobeh
  9688 | D:10     | Noticed a two-headed ogre
  9705 | D:10     | a two-headed ogre changed into a faun
  9768 | D:10     | Found Bantolel's Armour Emporium.
  9802 | D:10     | Noticed a two-headed ogre
  9805 | D:10     | Killed a two-headed ogre
  9810 | D:10     | Noticed a two-headed ogre
  9824 | D:10     | Killed a two-headed ogre
  9999 | D:10     | Reached skill level 12 in Fighting
  9999 | D:10     | Reached skill level 12 in Armour
 10248 | D:10     | Received a gift from Nemelex Xobeh
 10388 | D:11     | Noticed a death yak
 10396 | D:11     | Noticed a death yak
 10400 | D:11     | Noticed a death yak
 10410 | D:11     | Killed a death yak
 10805 | D:11     | Found a staircase to the Lair.
 10845 | D:11     | Noticed Erica
 10847 | D:11     | Noticed Urug
 10891 | D:11     | Reached skill level 12 in Axes
 10928 | D:11     | Noticed Gastronok
 11040 | D:10     | Reached skill level 1 in Invocations
 11257 | D:11     | Killed Gastronok
 11268 | D:11     | Killed Erica
 11268 | D:11     | Reached skill level 3 in Invocations
 11421 | D:11     | Found a staircase to the Orcish Mines.
 11599 | D:11     | Received a gift from Nemelex Xobeh
 11643 | D:11     | Found a basalt altar of Yredelemnul.
 11743 | D:11     | Noticed Urug
 11743 | D:11     | Urug changed into Urug the elephant
 12027 | Lair:1   | Entered Level 1 of the Lair of Beasts
 12039 | Lair:1   | Reached ****** piety under Nemelex Xobeh
 12105 | Lair:1   | Reached skill level 13 in Axes
 12109 | Lair:1   | Reached XP level 12. HP: 53/112 MP: 14/14
 12515 | Lair:1   | Received a gift from Nemelex Xobeh
 13120 | Lair:2   | Received a gift from Nemelex Xobeh
 13283 | Lair:2   | Noticed Fannar
 13306 | Lair:2   | Killed Fannar
 13306 | Lair:2   | Reached skill level 6 in Invocations
 13384 | Lair:2   | Found a staircase to the Shoals.
 13433 | Lair:2   | Received a gift from Nemelex Xobeh
 14075 | Lair:3   | Reached skill level 14 in Axes
 14097 | Lair:3   | Received a gift from Nemelex Xobeh
 14098 | Lair:3   | Found the +7 captain's cutlass {speed, disarm}
 14192 | Lair:3   | Noticed an eight-headed hydra
 14209 | Lair:3   | Noticed a fire dragon
 14209 | Lair:3   | an eight-headed hydra changed into a fire dragon
 14213 | Lair:3   | a fire dragon changed into a redback
 14224 | Lair:3   | Noticed an eight-headed hydra
 14229 | Lair:3   | Killed an eight-headed hydra
 14310 | Lair:3   | Noticed a six-headed hydra
 14342 | Lair:3   | Killed an eight-headed hydra
 14344 | Lair:3   | Identified a scroll of acquirement
 14645 | Lair:3   | Received a gift from Nemelex Xobeh
 14727 | Lair:3   | Noticed a four-headed hydra
 14735 | Lair:3   | Killed an eight-headed hydra
 14792 | Lair:3   | Reached skill level 15 in Axes
 15222 | Lair:3   | Received a gift from Nemelex Xobeh
 15290 | Lair:3   | Reached skill level 9 in Invocations
 15419 | Lair:4   | Reached XP level 13. HP: 107/118 MP: 18/18
 16272 | Lair:4   | Found a snail-covered altar of Cheibriados.
 16516 | Lair:4   | Reached skill level 16 in Axes
 16581 | Lair:4   | Found a hole to the Spider Nest.
 16728 | Lair:5   | Received a gift from Nemelex Xobeh
 17032 | Lair:5   | HP: 4/118 [poisoned by a spiny frog]
 17034 | Lair:5   | HP: 1/118 [poisoned by a spiny frog]
 17035 | Lair:5   | Succumbed to a spiny frog's poison

Skill      XL: |  1  2  3  4  5  6  7  8  9 10 11 12 13 |
---------------+----------------------------------------+-----
Fighting       | 1 2 3 4 6 7 9 11 12 | 12.2
Armour         | 1 2 3 4 6 7 9 11 12 | 12.2
Dodging        | 3 4 |  4.3
Axes           | 1 2 3 5 7 9 11 13 15 16 | 16.5
Invocations    | 4 9 10 | 10.7
Stealth        | |  1.5
Spellcasting   | |  1.3
Conjurations   | |  0.6
Air Magic      | |  2.1

Action                   |  1- 3 |  4- 6 |  7- 9 | 10-12 | 13-15 || total
-------------------------+-------+-------+-------+-------+-------++-------
Melee: Whip              |   104 |   213 |    50 |       |       ||   367
       Headbutt          |    16 |    38 |    63 |   131 |    52 ||   300
       Unarmed           |     2 |       |     4 |       |       ||     6
       War axe           |       |       |   270 |   556 |   170 ||   996
 Cast: Shock             |     3 |       |       |       |       ||     3
Invok: Deal Four         |       |       |       |       |     1 ||     1
Evoke: Deck              |     1 |     8 |     9 |    49 |     6 ||    73
       Wand              |       |       |       |     2 |     1 ||     3
  Use: Scroll            |       |       |    12 |    13 |       ||    25
       Potion            |       |       |       |     2 |     3 ||     5
 Stab: Sleeping          |     5 |     2 |       |       |       ||     7
       Petrified         |       |     8 |     3 |       |       ||    11
       Distracted        |       |       |     1 |     3 |       ||     4
       Petrifying        |       |       |     1 |       |       ||     1
       Paralysed         |       |       |       |       |     2 ||     2
  Eat: Chunk             |     4 |     6 |    12 |    21 |     5 ||    48
       Ration            |       |       |       |     2 |       ||     2
Armor: Robe              |    11 |       |       |       |       ||    11
       Ring mail         |    20 |    44 |       |       |       ||    64
       Chain mail        |       |    69 |   187 |   290 |    91 ||   637
Dodge: Dodged            |    76 |   119 |   137 |   268 |    89 ||   689
       Deflected         |     1 |     1 |       |       |       ||     2
